 Dungeon Crawl Stone Soup version 0.25.0-26-g0c896c7088 (console) character file.

Game seed: 13875187372340297195

231 Colgate the Insei (level 5, -2/40 HPs)
             Began as a Demigod Transmuter on July 3, 2020.
             Slain by a gnoll
             ... wielding a +0 spear
              (3 damage)
             ... on level 3 of the Dungeon.
             The game lasted 00:22:02 (2649 turns).

Colgate the Insei (Demigod Transmuter)              Turns: 2649, Time: 00:22:02

Health: -2/40      AC:  3    Str: 13    XL:     5   Next: 44%
Magic:  11/11      EV: 12    Int: 19    God:
Gold:   116        SH:  0    Dex: 16    Spells: 5/8 levels left

rFire    . . .     SeeInvis .     - Unarmed
rCold    . . .     Gourm    .   (no shield)
rNeg     . . .     Faith    .   p - +0 leather armour
rPois    .         Spirit   .   (no helmet)
rElec    .         Reflect  .   (no cloak)
rCorr    .         Harm     .   (no gloves)
MR       .....                  (no boots)
Stlth    +++.......             (no amulet)
HPRegen  0.13/turn              m - ring of stealth
MPRegen  0.12/turn              (no ring)

@: no status effects
A: high mp 1
a: no special abilities


You were on level 3 of the Dungeon.
You were not hungry.

You visited 1 branch of the dungeon, and saw 3 of its levels.

You collected 116 gold pieces.

Inventory:

Hand Weapons
 e - a +0 club
Missiles
 a - 8 arrows
 h - 47 bolts
 k - a silver boomerang (quivered)
 r - a stone
Armour
 p - a +0 leather armour (worn)
Jewellery
 m - a ring of stealth (left hand)
Scrolls
 c - 3 scrolls of remove curse {unknown}
 g - 4 scrolls of identify {unknown}
 j - 3 scrolls of enchant armour {unknown}
Potions
 f - a potion of stabbing {unknown}
 i - a potion of haste {unknown}
 l - a potion of might {unknown}
 n - a potion of curing {unknown}
 o - a potion of invisibility {unknown}
 q - a potion of cancellation {unknown}
Comestibles
 d - 2 rations


   Skills:
 + Level 1.1 Fighting
 + Level 2.0 Throwing
 + Level 0.8 Armour
 + Level 2.2 Dodging
 + Level 1.0 Stealth
 + Level 4.1 Unarmed Combat
 + Level 2.4 Spellcasting
 + Level 2.2 Transmutations


You had 5 spell levels left.
You knew the following spells:

 Your Spells              Type           Power        Failure   Level  Hunger
a - Beastly Appendage     Tmut           ##....       9%          1    #......
b - Sticks to Snakes      Tmut           ##......     12%         2    ##.....

Your spell library contained the following spells:

 Spells                   Type           Power        Failure   Level  Hunger
 Spider Form              Tmut/Pois      #.........   36%         3    ###....
 Ice Form                 Ice/Tmut       #.......     78%         4    #####..
 Blade Hands              Tmut           ##........   92%         5    ######.


Dungeon Overview and Level Annotations

Branches:
Dungeon (3/15)


Innate Abilities, Weirdness & Mutations

You have an increased reservoir of magic. (+10% MP)


Message History

You hit the gnoll.
You kill the gnoll!
You hit the gnoll.
The gnoll is almost dead.
The gnoll barely misses you.
You punch the gnoll!
You kill the gnoll!
Your Throwing skill increases to level 2!
The gnoll hits you from afar with a +0 spear!
* * * LOW HITPOINT WARNING * * *
You see here a +0 whip.
The gnoll barely misses you.
You see here a +0 halberd.
You hit the gnoll but do no damage.
Your talons disappear.
You are too injured to fight recklessly!
You are too injured to fight recklessly!
You hit the gnoll but do no damage. The gnoll barely misses you.
You closely miss the gnoll. The gnoll hits you with a +0 spear.
You die...

#######.# #.# #.#
## #.# #.# #.# #.#
#.# #.#
###.###.######.#
#............รท.#
###.######.###.####
#.# #.# #<.... #.#
###.###.#### #.#
#.....#.#
###)####.###.#.#
###.@......# #...#
#..g..#.##.###.###
##.####.##.....#
#.# #.####.### #.#
#........#####
#.#########.......#
#...g.gg...g......#
###########..>....#
#.......# #g......#
#.......#


You could see a gnoll.

Vanquished Creatures
  A bullfrog (D:3)
  5 gnolls
  2 adders
  2 oozes
  A worm (D:2)
  4 dart slugs
  A leopard gecko (D:1)
  3 giant cockroaches
  3 goblins
  6 hobgoblins
  2 jackals (D:1)
  4 kobolds
  3 quokkas (D:2)
  5 bats
  3 frilled lizards (D:2)
  6 rats
51 creatures vanquished.

Vanquished Creatures (collateral kills)
  A bullfrog (D:3)
  An adder (D:2)
2 creatures vanquished.

Grand Total: 53 creatures vanquished

Notes
Turn   | Place    | Note
-------+----------+-------------------------------------------
     0 | D:1      | Colgate the Demigod Transmuter began the quest for the Orb.
     0 | D:1      | Reached XP level 1. HP: 15/15 MP: 5/5
   142 | D:1      | Reached XP level 2. HP: 16/22 MP: 4/7
   146 | D:1      | Learned a level 2 spell: Sticks to Snakes
   239 | D:1      | Reached skill level 3 in Unarmed Combat
   777 | D:1      | Reached XP level 3. HP: 26/27 MP: 8/8
  1761 | D:2      | Reached XP level 4. HP: 32/34 MP: 7/10
  1916 | D:2      | Found an opulent altar of Gozag.
  1920 | D:2      | Found a shattered altar of Ashenzari.
  1932 | D:2      | Found a sparkling altar of Nemelex Xobeh.
  1933 | D:2      | Found a glowing silver altar of Zin.
  2306 | D:3      | Noticed a bullfrog
  2314 | D:3      | Killed a bullfrog
  2314 | D:3      | Reached skill level 1 in Fighting
  2314 | D:3      | Reached skill level 1 in Throwing
  2314 | D:3      | Reached skill level 4 in Unarmed Combat
  2467 | D:3      | Noticed a bullfrog
  2475 | D:3      | Killed a bullfrog
  2475 | D:3      | Reached skill level 1 in Stealth
  2475 | D:3      | Reached XP level 5. HP: 40/40 MP: 6/11
  2645 | D:3      | HP: 1/40 [gnoll/+0 spear (9)]
  2649 | D:3      | Slain by a gnoll

Illustrated notes

Levels and vault maps discovered:
D:1:      sevenhm_arrival_forest_fort_small_3, layout_loops_ring
D:2:      minmay_evil_eye, layout_loops_ring, minitemple
D:3:      minmay_bubble_buster, layout_loops_ring, grunt_dithmenos_smoke,
          first_ration, chequers_garden

Skill      XL: |  1  2  3  4  5 |
---------------+----------------+-----
Spellcasting   | 2 |  2.4
Unarmed Combat | 3 4 |  4.1
Transmutations | 2 |  2.2
Fighting       | 1 |  1.1
Throwing       | 1 2 |  2.0
Dodging        | 2 |  2.2
Stealth        | 1 |  1.0
Armour         | |  0.8

Action                   |  1- 3 |  4- 6 || total
-------------------------+-------+-------++-------
Melee: Unarmed           |   100 |    28 ||   128
       Headbutt          |     2 |       ||     2
       Kick              |     8 |     1 ||     9
       Punch             |     1 |       ||     1
Throw: Boomerang         |    37 |    21 ||    58
 Cast: Beastly Appendage |     6 |     2 ||     8
       Sticks to Snakes  |     1 |     3 ||     4
 Stab: Sleeping          |     3 |       ||     3
  Eat: Chunk             |     3 |     3 ||     6
Armor: Robe              |    17 |       ||    17
       Leather armour    |       |     2 ||     2
Dodge: Dodged            |    45 |    22 ||    67
